[ PARTIDA AOE2 · #482176707 ]
UnrankedTurcos vs Khmer
[ ANÁLISIS DE REPETICIÓN · EXTRAÍDO DE LA PARTIDA GRABADA ]
Feudal
12:28
Castillos
28:16
Imperial
39:29
| APM promedio | 25.0 |
| APM pico | 55 |
| eAPM promedio | 17.1 |
| Aldeanos / militares | 138 / 566 |
Foco
⚔️ 39.7% · 🌾 60.3%
Spearman ×298 · Scorpion ×115 · Bombard Cannon ×65 · Hand Cannoneer ×35 · Janissary ×32 · Archer ×11
Feudal
13:32
Castillos
21:39
Imperial
37:01
| APM promedio | 16.8 |
| APM pico | 71 |
| eAPM promedio | 15.1 |
| Aldeanos / militares | 174 / 484 |
Foco
⚔️ 36.8% · 🌾 63.2%
Scout Cavalry ×240 · Ballista Elephant ×211 · Trade Cart ×33 · Scorpion ×20 · Trebuchet (Packed) ×7 · Monk ×3
Feudal
14:39
Castillos
21:07
Imperial
38:47
| APM promedio | 19.8 |
| APM pico | 57 |
| eAPM promedio | 16.5 |
| Aldeanos / militares | 177 / 477 |
Foco
⚔️ 56.9% · 🌾 43.1%
Scout Cavalry ×277 · Spearman ×61 · Mangonel ×57 · Scorpion ×48 · Trade Cart ×19 · Fishing Ship ×11
Feudal
13:35
Castillos
19:20
Imperial
39:23
| APM promedio | 15.1 |
| APM pico | 34 |
| eAPM promedio | 11.4 |
| Aldeanos / militares | 122 / 179 |
Foco
⚔️ 27.0% · 🌾 73.0%
Scout Cavalry ×173 · Unknown (1944) ×131 · Unknown (1962) ×95 · Trade Cart ×24 · Unknown (1942) ×20 · Mangonel ×3
Mapa de la partida
Recursos iniciales + cada clic de construcción. Líneas = muros · curvas = relieve. ◆ oro · ⬟ piedra · ● bayas · ✦ reliquia · ◌ hueco del cierre
Tu base· ✓ Cerrada en 28:16 · 29t muro · sin puerta
Base de maximusthefirst· ✓ Cerrada en 21:39 · 31t muro · 6 puerta(s)
Base de maltheh9797· ✓ Cerrada en 21:07 · 18t muro · 1 puerta(s)
Base de Gut Check· ✓ Cerrada en 19:20 · 61t muro · 2 puerta(s)
Terreno inicial suavizado · ◌ = hueco del cierre detectado · pasá el cursor para detalles
Inputs por minuto
— ALESHIN_ALX - - maximusthefirst
Build order — ALESHIN_ALX
Primeras 150 de 529 acciones detectadas
| 0:02 | Crear | Villager (Male) |
| 0:02 | Crear | Villager (Male) |
| 0:02 | Crear | Villager (Male) |
| 0:04 | Construir | House |
| 0:07 | Construir | House |
| 0:30 | Crear | Villager (Male) |
| 1:20 | Investigar | Loom |
| 1:55 | Crear | Villager (Male) |
| 1:56 | Crear | Villager (Male) |
| 2:45 | Crear | Villager (Male) |
| 2:46 | Crear | Villager (Male) |
| 3:00 | Construir | Palisade Wall |
| 3:54 | Crear | Villager (Male) |
| 3:54 | Crear | Villager (Male) |
| 3:54 | Crear | Villager (Male) |
| 4:54 | Construir | Palisade Wall |
| 5:00 | Crear | Villager (Male) |
| 5:01 | Crear | Villager (Male) |
| 5:12 | Construir | Lumber Camp |
| 5:16 | Crear | Villager (Male) |
| 5:16 | Crear | Villager (Male) |
| 6:08 | Construir | House |
| 6:14 | Crear | Villager (Male) |
| 6:14 | Crear | Villager (Male) |
| 6:35 | Construir | House |
| 7:41 | Construir | House |
| 7:45 | Crear | Villager (Male) |
| 7:46 | Crear | Villager (Male) |
| 8:18 | Construir | Barracks |
| 8:34 | Crear | Villager (Male) |
| 8:56 | Construir | Mill |
| 10:18 | Investigar | Feudal Age |
| 10:54 | Construir | Mining Camp |
| 12:28 | Crear | Villager (Male) |
| 12:28 | Crear | Villager (Male) |
| 12:28 | Edad | Edad Feudal |
| 12:48 | Construir | Archery Range |
| 13:10 | Construir | Blacksmith |
| 13:15 | Crear | Villager (Male) |
| 13:16 | Crear | Villager (Male) |
| 13:42 | Crear | Archer |
| 13:42 | Crear | Archer |
| 13:55 | Crear | Militia |
| 13:56 | Crear | Militia |
| 14:05 | Crear | Villager (Male) |
| 14:05 | Crear | Villager (Male) |
| 14:21 | Investigar | Fletching |
| 14:26 | Crear | Archer |
| 14:46 | Crear | Militia |
| 14:46 | Investigar | Man-at-Arms (upgrade) |
| 14:49 | Crear | Villager (Male) |
| 14:49 | Crear | Villager (Male) |
| 14:52 | Construir | House |
| 15:09 | Construir | Lumber Camp |
| 15:16 | Crear | Villager (Male) |
| 15:16 | Crear | Villager (Male) |
| 15:18 | Construir | Farm |
| 15:30 | Crear | Archer |
| 15:30 | Crear | Archer |
| 15:58 | Crear | Militia |
| 16:03 | Crear | Archer |
| 16:03 | Crear | Archer |
| 16:27 | Crear | Villager (Male) |
| 16:28 | Crear | Villager (Male) |
| 16:30 | Construir | House |
| 16:33 | Construir | House |
| 16:34 | Construir | House |
| 17:20 | Crear | Villager (Male) |
| 17:20 | Crear | Villager (Male) |
| 17:20 | Crear | Villager (Male) |
| 17:20 | Crear | Villager (Male) |
| 17:28 | Construir | Mill |
| 18:22 | Construir | Watch Tower |
| 18:25 | Crear | Villager (Male) |
| 18:25 | Crear | Villager (Male) |
| 18:31 | Construir | Farm |
| 18:33 | Construir | Farm |
| 18:46 | Construir | Farm |
| 18:49 | Construir | Farm |
| 19:21 | Crear | Archer |
| 19:21 | Crear | Archer |
| 20:12 | Crear | Archer |
| 20:13 | Crear | Archer |
| 20:59 | Crear | Villager (Male) |
| 20:59 | Crear | Villager (Male) |
| 21:35 | Construir | Mining Camp |
| 21:53 | Crear | Villager (Male) |
| 21:53 | Crear | Villager (Male) |
| 21:53 | Crear | Villager (Male) |
| 22:39 | Crear | Villager (Male) |
| 22:39 | Crear | Villager (Male) |
| 22:46 | Construir | Farm |
| 22:51 | Construir | Farm |
| 22:52 | Construir | Farm |
| 22:57 | Construir | Farm |
| 22:58 | Construir | Farm |
| 23:13 | Construir | Stone Wall |
| 24:02 | Construir | Market |
| 24:06 | Construir | Farm |
| 24:09 | Construir | Farm |
| 24:32 | Construir | Stone Wall |
| 24:34 | Crear | Villager (Male) |
| 24:34 | Crear | Villager (Male) |
| 24:56 | Construir | Farm |
| 24:57 | Construir | Farm |
| 24:59 | Construir | Farm |
| 25:01 | Construir | Farm |
| 25:36 | Investigar | Castle Age |
| 25:48 | Crear | Trade Cart |
| 25:50 | Crear | Trade Cart |
| 25:53 | Crear | Trade Cart |
| 25:54 | Crear | Trade Cart |
| 25:55 | Crear | Trade Cart |
| 25:56 | Crear | Trade Cart |
| 26:20 | Investigar | Double-Bit Axe |
| 26:42 | Construir | Mining Camp |
| 27:03 | Crear | Villager (Male) |
| 27:03 | Crear | Villager (Male) |
| 27:39 | Construir | House |
| 27:40 | Construir | House |
| 27:42 | Construir | House |
| 27:49 | Construir | Farm |
| 27:50 | Construir | Farm |
| 27:51 | Construir | Farm |
| 27:52 | Construir | Farm |
| 27:54 | Construir | Farm |
| 28:04 | Construir | Farm |
| 28:05 | Construir | Farm |
| 28:07 | Construir | Farm |
| 28:16 | Edad | Edad de los Castillos |
| 28:39 | Construir | Town Center |
| 28:44 | Crear | Villager (Male) |
| 28:45 | Crear | Villager (Male) |
| 29:03 | Crear | Villager (Male) |
| 29:04 | Crear | Villager (Male) |
| 29:24 | Construir | Town Center |
| 29:34 | Crear | Villager (Male) |
| 29:50 | Crear | Villager (Male) |
| 29:50 | Crear | Villager (Male) |
| 29:54 | Crear | Villager (Male) |
| 29:55 | Crear | Villager (Male) |
| 29:55 | Crear | Villager (Male) |
| 30:06 | Construir | Lumber Camp |
| 30:29 | Construir | University |
| 30:48 | Construir | Stone Wall |
| 31:16 | Crear | Villager (Male) |
| 31:16 | Crear | Villager (Male) |
| 31:17 | Crear | Villager (Male) |
| 31:17 | Crear | Villager (Male) |
| 31:18 | Crear | Villager (Male) |
Build order — maximusthefirst
Primeras 150 de 498 acciones detectadas
| 0:04 | Construir | House |
| 0:05 | Crear | Villager (Male) |
| 0:06 | Crear | Villager (Male) |
| 0:13 | Investigar | Loom |
| 0:14 | Crear | Villager (Male) |
| 0:14 | Crear | Villager (Male) |
| 0:14 | Crear | Villager (Male) |
| 1:30 | Construir | House |
| 1:34 | Construir | House |
| 1:35 | Construir | House |
| 1:36 | Construir | House |
| 1:38 | Construir | House |
| 1:50 | Crear | Villager (Male) |
| 1:50 | Crear | Villager (Male) |
| 2:58 | Crear | Villager (Male) |
| 2:59 | Crear | Villager (Male) |
| 2:59 | Crear | Villager (Male) |
| 3:30 | Crear | Villager (Male) |
| 3:31 | Crear | Villager (Male) |
| 3:49 | Construir | House |
| 3:54 | Construir | House |
| 3:55 | Construir | House |
| 4:09 | Crear | Villager (Male) |
| 4:09 | Crear | Villager (Male) |
| 4:45 | Construir | House |
| 4:51 | Crear | Villager (Male) |
| 4:52 | Crear | Villager (Male) |
| 5:12 | Construir | House |
| 5:16 | Construir | House |
| 5:20 | Construir | House |
| 5:31 | Crear | Villager (Male) |
| 5:32 | Crear | Villager (Male) |
| 5:32 | Crear | Villager (Male) |
| 6:02 | Construir | House |
| 6:10 | Crear | Villager (Male) |
| 6:10 | Crear | Villager (Male) |
| 6:10 | Crear | Villager (Male) |
| 6:48 | Crear | Villager (Male) |
| 6:48 | Crear | Villager (Male) |
| 6:48 | Crear | Villager (Male) |
| 7:33 | Construir | Lumber Camp |
| 7:38 | Crear | Villager (Male) |
| 7:38 | Crear | Villager (Male) |
| 8:27 | Crear | Villager (Male) |
| 8:29 | Crear | Villager (Male) |
| 9:16 | Crear | Villager (Male) |
| 9:16 | Crear | Villager (Male) |
| 9:23 | Construir | Mill |
| 9:29 | Construir | Mining Camp |
| 10:08 | Crear | Villager (Male) |
| 10:48 | Construir | Mining Camp |
| 10:57 | Crear | Villager (Male) |
| 11:22 | Investigar | Feudal Age |
| 13:21 | Crear | Villager (Male) |
| 13:32 | Edad | Edad Feudal |
| 13:33 | Investigar | Wheelbarrow |
| 13:38 | Investigar | Double-Bit Axe |
| 13:41 | Investigar | Horse Collar |
| 13:55 | Construir | Gate |
| 14:02 | Construir | Stone Wall |
| 14:10 | Construir | Gate |
| 14:15 | Construir | Stone Wall |
| 14:19 | Construir | Stone Wall |
| 14:24 | Construir | Stone Wall |
| 14:28 | Crear | Villager (Male) |
| 14:29 | Crear | Villager (Male) |
| 14:29 | Crear | Villager (Male) |
| 14:58 | Construir | Farm |
| 15:00 | Construir | Farm |
| 15:03 | Construir | Farm |
| 15:04 | Construir | Farm |
| 15:05 | Construir | Farm |
| 15:31 | Construir | Farm |
| 15:45 | Construir | Gate |
| 15:48 | Construir | Gate |
| 16:04 | Construir | Stone Wall |
| 16:09 | Construir | Gate |
| 16:16 | Construir | Stone Wall |
| 16:20 | Construir | Gate |
| 16:25 | Construir | Stone Wall |
| 16:29 | Crear | Villager (Male) |
| 16:30 | Crear | Villager (Male) |
| 16:30 | Crear | Villager (Male) |
| 16:30 | Crear | Villager (Male) |
| 16:41 | Construir | Farm |
| 16:58 | Construir | Lumber Camp |
| 17:06 | Crear | Villager (Male) |
| 17:09 | Crear | Villager (Male) |
| 18:12 | Investigar | Castle Age |
| 18:57 | Construir | Stable |
| 19:15 | Construir | Farm |
| 19:17 | Construir | Farm |
| 19:19 | Construir | Farm |
| 19:24 | Construir | Farm |
| 19:26 | Construir | Farm |
| 19:28 | Construir | Farm |
| 19:36 | Construir | Farm |
| 19:49 | Construir | Farm |
| 20:13 | Construir | Blacksmith |
| 20:21 | Investigar | Stone Mining |
| 20:37 | Construir | Market |
| 20:53 | Crear | Scout Cavalry |
| 20:54 | Crear | Scout Cavalry |
| 21:03 | Construir | Stable |
| 21:34 | Investigar | Bloodlines |
| 21:37 | Investigar | Scale Barding Armor |
| 21:39 | Edad | Edad de los Castillos |
| 21:40 | Investigar | Forging |
| 21:47 | Crear | Knight |
| 21:55 | Investigar | Hand Cart |
| 22:06 | Construir | Town Center |
| 22:11 | Crear | Knight |
| 22:14 | Crear | Scout Cavalry |
| 22:38 | Investigar | Bow Saw |
| 23:11 | Investigar | Husbandry |
| 23:12 | Crear | Villager (Male) |
| 23:36 | Crear | Villager (Male) |
| 23:37 | Crear | Villager (Male) |
| 23:37 | Crear | Villager (Male) |
| 24:18 | Crear | Villager (Male) |
| 24:18 | Crear | Villager (Male) |
| 24:18 | Crear | Villager (Male) |
| 24:21 | Crear | Villager (Male) |
| 24:34 | Construir | Town Center |
| 24:41 | Crear | Villager (Male) |
| 24:41 | Crear | Villager (Male) |
| 24:45 | Investigar | Gold Mining |
| 25:13 | Construir | House |
| 25:19 | Construir | House |
| 25:21 | Construir | House |
| 25:25 | Construir | House |
| 25:26 | Construir | House |
| 25:28 | Construir | House |
| 25:31 | Construir | House |
| 25:34 | Construir | House |
| 25:36 | Construir | House |
| 25:39 | Construir | House |
| 25:40 | Construir | House |
| 25:46 | Construir | House |
| 25:48 | Construir | House |
| 25:49 | Construir | House |
| 25:51 | Construir | House |
| 25:54 | Construir | House |
| 25:57 | Construir | House |
| 26:00 | Crear | Villager (Male) ×5 |
| 26:03 | Crear | Villager (Male) ×5 |
| 26:10 | Crear | Villager (Male) |
| 26:19 | Construir | Farm |
| 26:19 | Construir | Farm |
| 26:20 | Construir | Farm |
Build order — maltheh9797
Primeras 150 de 906 acciones detectadas
| 0:01 | Crear | Villager (Male) |
| 0:01 | Crear | Villager (Male) |
| 0:01 | Crear | Villager (Male) |
| 0:03 | Construir | House |
| 0:04 | Construir | House |
| 0:05 | Crear | Villager (Male) |
| 0:05 | Crear | Villager (Male) |
| 1:07 | Investigar | Loom |
| 1:33 | Crear | Villager (Male) |
| 1:33 | Crear | Villager (Male) |
| 2:39 | Crear | Villager (Male) |
| 2:39 | Crear | Villager (Male) |
| 3:00 | Crear | Villager (Male) |
| 3:00 | Crear | Villager (Male) |
| 3:32 | Construir | Palisade Wall |
| 3:34 | Crear | Villager (Male) |
| 3:34 | Crear | Villager (Male) |
| 3:53 | Construir | House |
| 4:21 | Construir | Palisade Gate |
| 4:38 | Crear | Villager (Male) |
| 4:50 | Construir | House |
| 4:56 | Construir | House |
| 5:00 | Construir | House |
| 5:27 | Crear | Villager (Male) |
| 5:27 | Crear | Villager (Male) |
| 5:56 | Crear | Villager (Male) |
| 6:25 | Crear | Villager (Male) |
| 7:04 | Crear | Villager (Male) |
| 7:05 | Crear | Villager (Male) |
| 7:21 | Crear | Villager (Male) |
| 7:21 | Crear | Villager (Male) |
| 7:30 | Construir | Mill |
| 7:31 | Crear | Villager (Male) |
| 7:32 | Crear | Villager (Male) |
| 7:34 | Crear | Villager (Male) |
| 8:07 | Crear | Villager (Male) |
| 8:07 | Crear | Villager (Male) |
| 8:39 | Crear | Villager (Male) |
| 8:39 | Crear | Villager (Male) |
| 8:39 | Crear | Villager (Male) |
| 9:26 | Crear | Villager (Male) |
| 9:26 | Crear | Villager (Male) |
| 9:34 | Construir | Mill |
| 9:39 | Crear | Villager (Male) |
| 10:01 | Construir | Lumber Camp |
| 10:09 | Crear | Villager (Male) |
| 10:10 | Crear | Villager (Male) |
| 10:39 | Crear | Villager (Male) |
| 11:28 | Construir | Dock |
| 11:31 | Crear | Villager (Male) |
| 11:48 | Crear | Villager (Male) |
| 12:13 | Investigar | Feudal Age |
| 12:15 | Crear | Fishing Ship |
| 12:38 | Construir | Mining Camp |
| 12:39 | Crear | Villager (Male) |
| 13:12 | Crear | Fishing Ship |
| 13:32 | Crear | Villager (Male) |
| 13:46 | Crear | Fishing Ship |
| 14:03 | Construir | Dock |
| 14:06 | Crear | Villager (Male) |
| 14:31 | Construir | Mining Camp |
| 14:39 | Edad | Edad Feudal |
| 14:48 | Crear | Demolition Raft |
| 14:53 | Investigar | Double-Bit Axe |
| 14:57 | Crear | Villager (Male) |
| 15:05 | Construir | House |
| 15:06 | Construir | House |
| 15:08 | Construir | House |
| 15:17 | Crear | Fishing Ship |
| 15:33 | Crear | Fishing Ship |
| 15:38 | Crear | Fishing Ship |
| 16:06 | Construir | Farm |
| 16:07 | Construir | Farm |
| 16:21 | Crear | Villager (Male) |
| 16:25 | Crear | Villager (Male) |
| 16:27 | Crear | Fishing Ship |
| 16:31 | Crear | Fishing Ship |
| 16:53 | Construir | Farm |
| 16:57 | Crear | Villager (Male) |
| 17:00 | Crear | Fishing Ship |
| 17:02 | Crear | Fishing Ship |
| 17:19 | Construir | Farm |
| 17:30 | Crear | Fishing Ship |
| 17:37 | Crear | Villager (Male) |
| 17:48 | Construir | Farm |
| 17:54 | Construir | Farm |
| 18:07 | Construir | Fish Trap |
| 18:24 | Construir | Fish Trap |
| 18:27 | Investigar | Castle Age |
| 18:47 | Construir | Fish Trap |
| 19:01 | Construir | Fish Trap |
| 19:10 | Construir | Fish Trap |
| 19:30 | Construir | Fish Trap |
| 19:45 | Construir | Fish Trap |
| 19:59 | Construir | House |
| 20:00 | Construir | House |
| 20:03 | Construir | House |
| 20:04 | Construir | House |
| 20:08 | Crear | Villager (Male) |
| 20:19 | Investigar | Wheelbarrow |
| 20:34 | Investigar | Horse Collar |
| 21:07 | Edad | Edad de los Castillos |
| 21:21 | Construir | Town Center |
| 21:27 | Crear | Villager (Male) |
| 21:27 | Crear | Villager (Male) |
| 21:40 | Construir | Fish Trap |
| 22:14 | Construir | Stone Wall |
| 22:15 | Crear | Villager (Male) |
| 22:18 | Construir | Fish Trap |
| 22:27 | Crear | Villager (Male) |
| 22:27 | Crear | Villager (Male) |
| 22:29 | Crear | Villager (Male) |
| 22:30 | Crear | Villager (Male) |
| 22:34 | Construir | Fish Trap |
| 22:38 | Construir | House |
| 22:40 | Construir | House |
| 22:47 | Crear | Villager (Male) |
| 22:52 | Construir | Fish Trap |
| 22:56 | Crear | Villager (Male) |
| 23:14 | Crear | Villager (Male) |
| 23:24 | Crear | Villager (Male) |
| 23:26 | Investigar | Hand Cart |
| 23:36 | Construir | House |
| 23:37 | Crear | Villager (Male) |
| 23:54 | Construir | Gate |
| 23:57 | Crear | Villager (Male) |
| 23:57 | Crear | Villager (Male) |
| 24:01 | Crear | Villager (Male) |
| 24:19 | Crear | Villager (Male) |
| 24:20 | Crear | Villager (Male) |
| 24:20 | Crear | Villager (Male) |
| 24:20 | Crear | Villager (Male) |
| 24:28 | Crear | Villager (Male) |
| 24:28 | Crear | Villager (Male) |
| 24:40 | Construir | Town Center |
| 24:40 | Crear | Villager (Male) |
| 24:40 | Crear | Villager (Male) |
| 24:52 | Construir | Town Center |
| 24:53 | Crear | Villager (Male) |
| 24:53 | Crear | Villager (Male) |
| 25:01 | Crear | Villager (Male) |
| 25:02 | Crear | Villager (Male) |
| 25:13 | Construir | Market |
| 25:18 | Crear | Villager (Male) |
| 25:18 | Crear | Villager (Male) |
| 25:45 | Construir | Town Center |
| 25:54 | Construir | Town Center |
| 25:55 | Crear | Villager (Male) |
| 25:55 | Crear | Villager (Male) |
| 26:06 | Construir | Siege Workshop |
Build order — Gut Check
Primeras 150 de 423 acciones detectadas
| 0:02 | Crear | Villager (Male) |
| 0:02 | Crear | Villager (Male) |
| 0:02 | Crear | Villager (Male) |
| 0:02 | Crear | Villager (Male) |
| 0:06 | Investigar | Loom |
| 0:06 | Crear | Villager (Male) |
| 0:07 | Crear | Villager (Male) |
| 0:07 | Crear | Villager (Male) |
| 0:08 | Construir | House |
| 0:10 | Construir | House |
| 1:09 | Construir | Palisade Wall |
| 1:48 | Construir | Palisade Gate |
| 2:05 | Crear | Villager (Male) |
| 2:20 | Construir | House |
| 2:21 | Construir | House |
| 2:47 | Crear | Villager (Male) |
| 3:38 | Construir | House |
| 3:52 | Crear | Villager (Male) |
| 3:52 | Crear | Villager (Male) |
| 3:52 | Crear | Villager (Male) |
| 3:53 | Crear | Villager (Male) |
| 4:46 | Crear | Villager (Male) |
| 4:46 | Crear | Villager (Male) |
| 4:57 | Construir | House |
| 5:14 | Crear | Villager (Male) |
| 5:31 | Construir | House |
| 5:52 | Crear | Villager (Male) |
| 6:15 | Construir | House |
| 6:42 | Construir | Mill |
| 6:56 | Construir | House |
| 7:02 | Crear | Villager (Male) |
| 7:21 | Construir | House |
| 7:28 | Construir | Palisade Gate |
| 8:05 | Crear | Villager (Male) |
| 8:06 | Crear | Villager (Male) |
| 8:28 | Crear | Villager (Male) |
| 8:54 | Crear | Villager (Male) |
| 9:10 | Construir | Lumber Camp |
| 9:12 | Crear | Villager (Male) |
| 9:26 | Construir | House |
| 9:29 | Construir | House |
| 9:46 | Crear | Villager (Male) |
| 10:04 | Crear | Villager (Male) |
| 10:23 | Crear | Villager (Male) |
| 11:06 | Investigar | Feudal Age |
| 11:13 | Construir | Mining Camp |
| 12:00 | Construir | Mill |
| 12:35 | Crear | Villager (Male) |
| 12:37 | Crear | Villager (Male) |
| 13:35 | Edad | Edad Feudal |
| 13:47 | Crear | Villager (Male) |
| 13:54 | Construir | Blacksmith |
| 13:56 | Crear | Villager (Male) |
| 14:24 | Construir | Market |
| 14:31 | Crear | Villager (Male) |
| 15:22 | Construir | Stone Wall |
| 15:37 | Crear | Villager (Male) |
| 16:35 | Construir | Stone Wall |
| 16:40 | Investigar | Castle Age |
| 16:53 | Construir | Farm |
| 16:53 | Construir | Farm |
| 16:53 | Construir | Farm |
| 16:54 | Construir | Farm |
| 16:54 | Construir | Farm |
| 16:54 | Construir | Farm |
| 16:55 | Construir | Farm |
| 16:55 | Construir | Farm |
| 17:15 | Construir | Barracks |
| 17:29 | Construir | Stone Wall |
| 17:42 | Construir | Stone Wall |
| 18:25 | Construir | Stone Wall |
| 18:41 | Construir | House |
| 19:20 | Edad | Edad de los Castillos |
| 19:29 | Construir | Siege Workshop |
| 19:32 | Construir | Siege Workshop |
| 19:45 | Construir | House |
| 20:17 | Crear | Unit 1962 |
| 20:17 | Crear | Unit 1962 |
| 20:17 | Crear | Unit 1962 |
| 20:31 | Construir | Siege Workshop |
| 20:34 | Crear | Unit 1962 |
| 20:34 | Crear | Unit 1962 |
| 20:43 | Crear | Villager (Male) |
| 20:43 | Crear | Villager (Male) |
| 20:48 | Construir | House |
| 20:53 | Construir | House |
| 20:55 | Construir | House |
| 21:10 | Construir | Stone Wall |
| 21:44 | Crear | Unit 1962 |
| 21:44 | Crear | Unit 1962 |
| 21:45 | Crear | Unit 1962 |
| 21:45 | Crear | Unit 1962 |
| 23:08 | Crear | Villager (Male) |
| 23:09 | Crear | Villager (Male) |
| 23:09 | Crear | Villager (Male) |
| 23:09 | Crear | Villager (Male) |
| 23:15 | Construir | Farm |
| 23:16 | Construir | Farm |
| 23:16 | Construir | Farm |
| 23:17 | Construir | Farm |
| 23:17 | Construir | Farm |
| 23:17 | Construir | Farm |
| 23:18 | Construir | Farm |
| 23:18 | Construir | Farm |
| 23:23 | Construir | Farm |
| 23:28 | Investigar | Fletching |
| 24:25 | Investigar | Double-Bit Axe |
| 24:41 | Crear | Villager (Male) |
| 24:47 | Construir | Mining Camp |
| 24:57 | Investigar | Bodkin Arrow |
| 25:00 | Crear | Villager (Male) |
| 25:17 | Construir | Farm |
| 25:33 | Construir | Mining Camp |
| 25:34 | Crear | Villager (Male) |
| 26:08 | Investigar | Bow Saw |
| 26:11 | Crear | Villager (Male) |
| 26:11 | Crear | Villager (Male) |
| 26:12 | Investigar | Town Watch |
| 26:35 | Crear | Villager (Male) |
| 26:55 | Investigar | Horse Collar |
| 27:01 | Crear | Trade Cart |
| 27:24 | Construir | Farm |
| 27:29 | Crear | Villager (Male) |
| 28:16 | Crear | Battering Ram |
| 28:30 | Construir | Gate |
| 28:31 | Crear | Villager (Male) |
| 28:32 | Crear | Villager (Male) |
| 28:59 | Crear | Battering Ram |
| 29:16 | Crear | Villager (Male) |
| 29:25 | Crear | Villager (Male) |
| 29:40 | Construir | Monastery |
| 29:46 | Crear | Villager (Male) |
| 29:54 | Investigar | Gold Mining |
| 30:04 | Investigar | Scale Barding Armor |
| 30:18 | Construir | Stable |
| 30:32 | Construir | Mining Camp |
| 30:34 | Crear | Monk |
| 30:48 | Crear | Villager (Male) |
| 30:48 | Crear | Villager (Male) |
| 30:58 | Crear | Trade Cart |
| 31:07 | Investigar | Caravan |
| 31:55 | Construir | Farm |
| 31:58 | Crear | Villager (Male) |
| 32:03 | Investigar | Husbandry |
| 32:06 | Investigar | Chain Barding Armor |
| 33:03 | Crear | Villager (Male) |
| 33:04 | Crear | Villager (Male) |
| 33:04 | Crear | Villager (Male) |
| 33:04 | Crear | Villager (Male) |
| 33:46 | Crear | Villager (Male) |
Cronología de la partida
| 1:09 | Gut Check · wall_segment Palisade Wall x8 |
| 3:00 | ALESHIN_ALX · wall_segment Palisade Wall x6 |
| 3:32 | maltheh9797 · wall_segment Palisade Wall x18 |
| 4:54 | ALESHIN_ALX · wall_segment Palisade Wall x8 |
| 8:18 | ALESHIN_ALX · first_building Barracks |
| 11:28 | maltheh9797 · first_building Dock |
| 12:28 | ALESHIN_ALX · age_up feudal |
| 12:48 | ALESHIN_ALX · first_building Archery Range |
| 13:32 | maximusthefirst · age_up feudal |
| 13:35 | Gut Check · age_up feudal |
| 14:02 | maximusthefirst · wall_segment Stone Wall x4 |
| 14:15 | maximusthefirst · wall_segment Stone Wall x5 |
| 14:19 | maximusthefirst · wall_segment Stone Wall x3 |
| 14:24 | maximusthefirst · wall_segment Stone Wall x5 |
| 14:39 | maltheh9797 · age_up feudal |
| 15:22 | Gut Check · wall_segment Stone Wall x14 |
| 16:04 | maximusthefirst · wall_segment Stone Wall x2 |
| 16:16 | maximusthefirst · wall_segment Stone Wall x3 |
| 16:25 | maximusthefirst · wall_segment Stone Wall x9 |
| 16:35 | Gut Check · wall_segment Stone Wall x6 |
| 17:15 | Gut Check · first_building Barracks |
| 17:29 | Gut Check · wall_segment Stone Wall x14 |
| 17:42 | Gut Check · wall_segment Stone Wall x4 |
| 18:25 | Gut Check · wall_segment Stone Wall x15 |
| 18:57 | maximusthefirst · first_building Stable |
| 19:20 | Gut Check · age_up castle |
| 19:29 | Gut Check · first_building Siege Workshop |
| 21:07 | maltheh9797 · age_up castle |
| 21:10 | Gut Check · wall_segment Stone Wall x1 |
| 21:37 | Gut Check · first_market_sell 100 food |
| 21:39 | maximusthefirst · age_up castle |
| 22:14 | maltheh9797 · wall_segment Stone Wall x12 |
| 23:13 | ALESHIN_ALX · wall_segment Stone Wall x7 |
| 24:32 | ALESHIN_ALX · wall_segment Stone Wall x8 |
| 26:06 | maltheh9797 · first_building Siege Workshop |
| 27:18 | maltheh9797 · first_building Monastery |
| 28:16 | maximusthefirst · wall_segment Stone Wall x3 |
| 28:16 | ALESHIN_ALX · age_up castle |
| 28:30 | ALESHIN_ALX · first_market_buy 100 stone |
| 28:33 | maximusthefirst · wall_segment Stone Wall x4 |
| 28:35 | maximusthefirst · wall_segment Stone Wall x1 |
| 28:40 | maximusthefirst · wall_segment Stone Wall x6 |
| 28:42 | maximusthefirst · wall_segment Stone Wall x1 |
| 28:54 | maximusthefirst · wall_segment Stone Wall x1 |
| 28:58 | maximusthefirst · wall_segment Stone Wall x9 |
| 29:00 | maximusthefirst · wall_segment Stone Wall x1 |
| 29:04 | maximusthefirst · wall_segment Stone Wall x1 |
| 29:07 | maximusthefirst · wall_segment Stone Wall x3 |
| 29:28 | maltheh9797 · first_building Stable |
| 29:40 | Gut Check · first_building Monastery |
| 30:18 | Gut Check · first_building Stable |
| 30:25 | maximusthefirst · first_building Monastery |
| 30:44 | maltheh9797 · first_building Castle |
| 30:48 | ALESHIN_ALX · wall_segment Stone Wall x7 |
| 31:48 | ALESHIN_ALX · first_building Siege Workshop |
| 32:51 | maltheh9797 · wall_segment Stone Wall x1 |
| 33:13 | ALESHIN_ALX · wall_segment Stone Wall x9 |
| 34:26 | maximusthefirst · first_building Castle |
| 34:30 | ALESHIN_ALX · first_building Monastery |
| 35:53 | ALESHIN_ALX · first_building Castle |
| 35:59 | maximusthefirst · first_building Siege Workshop |
| 36:37 | ALESHIN_ALX · wall_segment Stone Wall x3 |
| 37:01 | maximusthefirst · age_up imperial |
| 37:23 | ALESHIN_ALX · wall_segment Stone Wall x3 |
| 38:04 | maximusthefirst · first_market_sell 500 food |
| 38:07 | maximusthefirst · first_market_buy 100 stone |
| 38:47 | maltheh9797 · age_up imperial |
| 38:50 | ALESHIN_ALX · first_market_sell 100 food |
| 39:23 | Gut Check · age_up imperial |
| 39:29 | ALESHIN_ALX · age_up imperial |
| 40:59 | maltheh9797 · first_building Barracks |
| 41:03 | Gut Check · first_building Castle |
| 46:24 | ALESHIN_ALX · wall_segment Stone Wall x12 |
| 46:32 | ALESHIN_ALX · wall_segment Stone Wall x7 |
| 46:35 | ALESHIN_ALX · wall_segment Stone Wall x8 |
| 46:37 | ALESHIN_ALX · wall_segment Stone Wall x9 |
| 46:54 | ALESHIN_ALX · wall_segment Stone Wall x43 |
| 48:40 | ALESHIN_ALX · wall_segment Stone Wall x5 |
| 48:43 | ALESHIN_ALX · wall_segment Stone Wall x4 |
| 48:46 | ALESHIN_ALX · wall_segment Stone Wall x5 |
| 48:47 | ALESHIN_ALX · wall_segment Stone Wall x7 |
| 53:44 | maltheh9797 · first_market_buy 100 wood |
| 54:43 | ALESHIN_ALX · wall_segment Stone Wall x3 |
| 54:45 | ALESHIN_ALX · wall_segment Stone Wall x5 |
| 54:47 | ALESHIN_ALX · wall_segment Stone Wall x10 |
| 54:49 | ALESHIN_ALX · wall_segment Stone Wall x15 |
| 54:51 | ALESHIN_ALX · wall_segment Stone Wall x15 |
| 54:52 | ALESHIN_ALX · wall_segment Stone Wall x12 |
| 54:54 | ALESHIN_ALX · wall_segment Stone Wall x14 |
| 62:09 | ALESHIN_ALX · tribute_sent a jugador 1 |
| 62:09 | ALESHIN_ALX · tribute_sent a jugador 2 |
| 62:09 | ALESHIN_ALX · tribute_sent a jugador 3 |
| 62:24 | ALESHIN_ALX · tribute_sent a jugador 1 |
| 62:24 | ALESHIN_ALX · tribute_sent a jugador 2 |
| 62:24 | ALESHIN_ALX · tribute_sent a jugador 3 |
| 66:44 | ALESHIN_ALX · tribute_sent a jugador 1 |
| 66:45 | ALESHIN_ALX · tribute_sent a jugador 2 |
| 66:45 | ALESHIN_ALX · tribute_sent a jugador 3 |
| 68:06 | ALESHIN_ALX · tribute_sent a jugador 1 |
| 68:06 | ALESHIN_ALX · tribute_sent a jugador 2 |
| 68:06 | ALESHIN_ALX · tribute_sent a jugador 3 |
| 72:52 | maltheh9797 · resign |
| 80:12 | ALESHIN_ALX · wall_segment Stone Wall x10 |
[ ANÁLISIS IA · 1 CRÉDITO ]
¿Qué pasó realmente en esta partida?
Wolo.gg analiza cada decisión: build order, eco, micro, errores típicos por bracket. Análisis personalizado por WhatsApp o Discord en 30 segundos.
Guía civ
Turcos
Perfil
Jugador #2416014